 Dungeon Crawl Stone Soup version 0.30-a0-634-g8abc85282e (webtiles) character file.

Game seed: 1249345526042090275

273 kingofthe the Poker (level 6, 0/47 HPs)
             Began as a Merfolk Gladiator on Jan 14, 2023.
             Slain by an orc
             ... wielding a +0 flail
              (2 damage)
             ... on level 4 of the Dungeon.
             The game lasted 00:12:59 (2449 turns).

kingofthe the Poker (Merfolk Gladiator)             Turns: 2449, Time: 00:13:00

Health: 0/47       AC:  5    Str: 15    XL:     6   Next: 23%
Magic:  15/15      EV: 14    Int:  7    God:
Gold:   171        SH:  0    Dex: 17    Spells: 5/5 levels left

rFire   . . .      SeeInvis .    a - +0 trident
rCold   . . .      Faith    .    (no shield)
rNeg    . . .      Spirit   .    b - +0 leather armour
rPois   .          Reflect  .    c - +0 helmet
rElec   .          Harm     .    (no cloak)
rCorr   .          Rampage  .    r - +0 pair of gloves
Will    .....                    (no boots)
Stlth   ++                       (no amulet)
HPRegen 0.27/turn                l - ring of magical power
MPRegen 0.14/turn                (no ring)

@: lethally poisoned (0 -> -7)
A: (nimble swimmer 2), mertail
a: no special abilities


You were on level 4 of the Dungeon.
You visited 1 branch of the dungeon, and saw 4 of its levels.

You collected 171 gold pieces.

Inventory:

Hand Weapons
 a - a +0 trident (weapon)
 m - a +0 mace
 u - a +0 sling
Missiles
 d - 3 throwing nets
 e - a javelin
 n - 39 stones (quivered)
Armour
 b - a +0 leather armour (worn)
 c - a +0 helmet (worn)
 p - a +0 ring mail
 r - a +0 pair of gloves (worn)
Jewellery
 l - a ring of magical power (left hand)
Scrolls
 f - a scroll of enchant weapon {unknown}
 g - a scroll of enchant armour {unknown}
 i - a scroll of fog {unknown}
 q - 2 scrolls of teleportation {unknown}
 t - a scroll of magic mapping {unknown}
Potions
 h - a potion of might {unknown}
 j - 3 potions of curing {unknown}
 k - 2 potions of haste {unknown}
 o - a potion of ambrosia {unknown}
 s - a potion of berserk rage {unknown}
 v - a potion of mutation {unknown}
 w - a potion of brilliance {unknown}


   Skills:
 + Level 3.3 Fighting
 + Level 6.8 Polearms
 - Level 2.0 Throwing
 + Level 5.0 Dodging
 - Level 3.0 Stealth


You had 5 spell levels left.
You didn't know any spells.
Your spell library was empty.

Dungeon Overview and Level Annotations

Branches:
Dungeon (4/15)
 Temple: D:4-7

Altars:
Uskayaw


Innate Abilities, Weirdness & Mutations

((You are very nimble when in or above water. (Stealth+, EV+, Speed+++)))
Your lower body shifts to a powerful aquatic tail in water.


Message History

You hit the scorpion but do no damage. The scorpion barely misses you.
The orc hits you with a +0 flail. The scorpion barely misses you.
You hit the scorpion but do no damage. The orc barely misses you.
The scorpion barely misses you.
You hit the scorpion but do no damage. The orc hits you with a +0 flail.
The scorpion misses you.
You hit the scorpion.
The scorpion is lightly wounded.
The orc closely misses you. The scorpion barely misses you.
You hit the scorpion.
The scorpion is moderately wounded.
The scorpion stings you but does no damage.
The orc completely misses you.
You closely miss the scorpion.
The scorpion is moderately wounded.
The scorpion stings you. The orc barely misses you.
You closely miss the scorpion.
The scorpion is moderately wounded.
The scorpion stings you but does no damage.
The orc hits you with a +0 flail.
You hit the scorpion.
The scorpion is heavily wounded.
The scorpion barely misses you. The orc hits you with a +0 flail.
* * * LOW HITPOINT WARNING * * *
The scorpion stings you but does no damage.
You barely miss the scorpion.
The scorpion is heavily wounded.
The scorpion completely misses you. The orc hits you with a +0 flail!
* * * LOW HITPOINT WARNING * * *
You hit the scorpion.
The scorpion is severely wounded.
The scorpion barely misses you. The orc hits you with a +0 flail.
* * * LOW HITPOINT WARNING * * *
You hit the scorpion.
The scorpion is almost dead.
The scorpion stings you.
* * * LOW HITPOINT WARNING * * *
You are lethally poisoned!
The scorpion poisons you! The orc hits you with a +0 flail.
You die...

.... ##.......$ .....
........## ..... #........#
....##........#
.............###.
#.............. ....
##........##.##
....########..$o.........##.
........#.###..#@...........
...............#s#.......#..
......###........#..........
.................##.........
#.###............##...#.#..
#.....................# #
..$...#....................
..#...............##.##.#..
..##..............#..# ...


You could see a scorpion and an orc (resistant).

Vanquished Creatures
  A bullfrog (D:4)
  A hound (D:4)
  A jelly (D:4)
  An orc wizard (D:4)
  A gnoll (D:1)
  5 adders
  2 dart slugs
  2 orcs (D:4)
  11 bats
  7 endoplasms
  6 giant cockroaches
  2 goblins
  6 hobgoblins
  2 jackals (D:2)
  2 quokkas (D:1)
  4 ball pythons
  3 frilled lizards
  3 kobolds
  7 rats
67 creatures vanquished.

Notes
Turn   | Place    | Note
-------+----------+-------------------------------------------
     0 | D:1      | kingofthe the Merfolk Gladiator began the quest for the
                  | Orb.
     0 | D:1      | Reached XP level 1. HP: 16/16 MP: 1/1
   126 | D:1      | Reached XP level 2. HP: 3/23 MP: 2/2
   360 | D:1      | Reached XP level 3. HP: 28/28 MP: 3/3
   598 | D:1      | Found a faded altar of an unknown god.
   901 | D:2      | Reached skill level 5 in Polearms
   931 | D:2      | Reached skill level 1 in Stealth
  1091 | D:2      | Reached XP level 4. HP: 34/34 MP: 4/4
  1784 | D:3      | Found a hide-covered altar of Uskayaw.
  1944 | D:3      | Reached XP level 5. HP: 40/40 MP: 5/5
  2358 | D:4      | Reached skill level 6 in Polearms
  2392 | D:4      | Reached skill level 5 in Dodging
  2392 | D:4      | Reached XP level 6. HP: 41/47 MP: 6/6
  2449 | D:4      | HP: 2/47 [scorpion (3)]
  2449 | D:4      | Slain by an orc

Illustrated notes

Levels and vault maps discovered:
D:1:      elethiomel_arrival_shortcut, layout_basic,
          shapermc_ecumenical_altar_ellora
D:2:      layout_basic
D:3:      layout_rooms, nicolae_uskayaw_suspiria
D:4:      layout_cave_pools, mainiacjoe_overflow_alcove_2,
          gup_sewer_entry_glass, serial_park_tiny_2, uniq_menkaure

Skill      XL: |  1  2  3  4  5 |
---------------+----------------+-----
Polearms       | 5 6 |  6.8
Stealth        | 1 3 |  3.0
Fighting       | 3 |  3.3
Dodging        | 5 |  5.0
Throwing       | |  2.0

Action                   |  1- 3 |  4- 6 || total
-------------------------+-------+-------++-------
Melee: Trident           |    81 |   106 ||   187
       Punch             |     1 |       ||     1
 Stab: Sleeping          |     2 |     6 ||     8
Armor: Leather armour    |    17 |    18 ||    35
Dodge: Dodged            |    45 |    57 ||   102

Table legend: (Time is in decaauts)
 A = Elapsed time spent in this place.
 B = Non-inter-level travel time spent in this place.
 C = Inter-level travel time spent in this place.
 D = Time resting spent in this place.
 E = Time spent auto-exploring this place.
 F = Levels seen in this place.
 G = Mean time per level.
                   A        B        C        D        E       F      G
               +--------+--------+--------+--------+--------+-----+--------+
         Total |   2451 |   2348 |    103 |    139 |   1566 |   4 |  612.8 |
       Dungeon |   2451 |   2348 |    103 |    139 |   1566 |   4 |  612.8 |
               +--------+--------+--------+--------+--------+-----+--------+

Top non-repeatable levels by time:
     D:1: 882 daAuts
     D:2: 798 daAuts
     D:3: 539 daAuts
     D:4: 230 daAuts
